 Dungeon Crawl Stone Soup version 0.20.1-1-g8b1a95d (webtiles) character file.

77 minmayStuckAtMickeyD the Ogre Mage (level 4, -14/48 HPs)
             Began as an Ogre Transmuter on July 22, 2017.
             Demolished by Sigmund
             ... wielding a +0 scythe
              (15 damage)
             ... on level 3 of the Dungeon.
             The game lasted 00:03:34 (1721 turns).

minmayStuckAtMickeyD the Ogre Mage (OgTm)           Turns: 1721, Time: 00:03:35

Health: -14/48     AC:  3    Str: 14    XL:     4   Next: 34%
Magic:  6/9        EV: 10    Int: 15    God:
Gold:   15         SH:  0    Dex:  9    Spells: 4/10 levels left

rFire    . . .     SeeInvis .     - Unarmed
rCold    . . .     Gourm    .   (no shield)
rNeg     . . .     Faith    .   b - +0 robe
rPois    .         Spirit   .   (helmet restricted)
rElec    .         Reflect  .   (no cloak)
rCorr    .         Harm     .   (gloves unavailable)
MR       .....                  (boots unavailable)
Stlth    +.........             (no amulet)
Regen    0.2/turn               (no ring)
MPRegen  0.2/turn               (no ring)

@: lethally poisoned (-14 -> -18), flying, very slightly contaminated
A: unfitting armour, tough skin 1
a: no special abilities


You were on level 3 of the Dungeon.
You were not hungry.

You visited 1 branch of the dungeon, and saw 3 of its levels.

You collected 15 gold pieces.

Inventory:

Missiles
 a - 20 arrows
Armour
 b - a +0 robe (worn)
Jewellery
 j - an uncursed ring of see invisible {unknown}
Scrolls
 e - a scroll of amnesia {unknown}
 k - 2 scrolls of identify {unknown}
Potions
 g - a potion of resistance {unknown}
 h - a potion of mutation {unknown}
 i - a potion of curing {unknown}
Books
 c - a book of Changes

   Spells                             Type                      Level
   a - Beastly Appendage              Transmutation                1
   b - Sticks to Snakes               Transmutation                2
   c - Spider Form                    Transmutation/Poison         3
   d - Ice Form                       Ice/Transmutation            4
   e - Blade Hands                    Transmutation                5
Comestibles
 d - 2 bread rations
 l - 7 chunks of flesh


   Skills:
 - Level 3.8 Fighting
 - Level 1.7 Dodging
 - Level 2.6 Unarmed Combat
 + Level 3.9 Spellcasting
 - Level 1.7 Transmutations


You had 4 spell levels left.
You knew the following spells:

 Your Spells              Type           Power        Failure   Level  Hunger
a - Beastly Appendage     Tmut           #.....       9%          1    None
b - Sticks to Snakes      Tmut           #.......     13%         2    ##.....
c - Spider Form           Tmut/Pois      #.........   36%         3    ###....


Dungeon Overview and Level Annotations

Branches:
Dungeon (3/15)

Altars:
Nemelex Xobeh
Trog

Annotations:
D:3 Sigmund


Innate Abilities, Weirdness & Mutations

You are too large for most types of armour.
You have tough skin. (AC +1)


Message History

You feel sick. Something hits you!
There is a stone staircase leading down, spattered with blood here.
Something hits you!
* * * LOW HITPOINT WARNING * * *
You fly downwards.
A quokka comes into view.
You feel sick.
Found a leather armour.
There is a stone staircase leading up here.
Unknown command.
You barely miss something. Something hits you!
* * * LOW HITPOINT WARNING * * *
The quokka barely misses you.
You miss something.
* * * LOW HITPOINT WARNING * * *
You feel sick. Something hits you.
* * * LOW HITPOINT WARNING * * *
The quokka misses you. Something hits you!
You die...

#. .. .###
.... ..# # #
#.# .#
#.#.##.####.
#..@........
#..r<.......
###.##...###
#.# #.# #.#
# #[# ...
..# ..


You could see a quokka.

Vanquished Creatures
  An adder (D:2)
  An ooze (D:2)
  A worm (D:2)
  A dart slug (D:1)
  3 leopard geckos
  A ball python (D:2)
  2 giant cockroaches
  6 goblins
  6 hobgoblins
  2 jackals (D:2)
  6 bats
  4 frilled lizards
  8 kobolds
  6 rats
48 creatures vanquished.

Vanquished Creatures (collateral kills)
  A gnoll (D:1)
  A rat (D:2)
2 creatures vanquished.

Grand Total: 50 creatures vanquished

Notes
Turn   | Place    | Note
-------+----------+-------------------------------------------
     0 | D:1      | minmayStuckAtMickeyD the Ogre Transmuter began the quest for the Orb.
     0 | D:1      | Reached XP level 1. HP: 19/19 MP: 3/3
   354 | D:1      | Reached XP level 2. HP: 28/29 MP: 5/5
   358 | D:1      | Learned a level 2 spell: Sticks to Snakes
   586 | D:1      | Reached XP level 3. HP: 17/39 MP: 4/6
   767 | D:1      | Learned a level 3 spell: Spider Form
  1390 | D:2      | Found a sparkling altar of Nemelex Xobeh.
  1393 | D:2      | Reached XP level 4. HP: 38/48 MP: 4/9
  1469 | D:2      | Found a bloodstained altar of Trog.
  1706 | D:2      | Noticed Sigmund
  1720 | D:3      | HP: 1/48 [something (4)]
  1721 | D:3      | Demolished by Sigmund

Skill      XL: |  1  2  3 |
---------------+----------+-----
Fighting       | 2 3 |  3.8
Spellcasting   | 3 |  3.9
Dodging        | |  1.7
Unarmed Combat | |  2.6
Transmutations | |  1.7

Action                   |  1- 3 |  4- 6 || total
-------------------------+-------+-------++-------
Melee: Unarmed           |   115 |    31 ||   146
       Headbutt          |     7 |     2 ||     9
       Kick              |     5 |       ||     5
 Cast: Beastly Appendage |    12 |     1 ||    13
       Sticks to Snakes  |     2 |     2 ||     4
       Spider Form       |     3 |     2 ||     5
  Use: Potion            |       |     1 ||     1
  Eat: Chunk             |     3 |     1 ||     4
Armor: Robe              |    22 |    10 ||    32
       Skin              |     5 |       ||     5
Dodge: Dodged            |    75 |    27 ||   102
